[Event "4NCL Div 1 2024-25"]
[Site "England"]
[Date "2024.11.23"]
[Round "1.26"]
[White "Hebden, Mark L"]
[Black "Macak, Stefan"]
[Result "1/2-1/2"]
[Annotator "TA"]
[ECO "D54"]
[WhiteElo "2372"]
[BlackElo "2310"]
[PlyCount "101"]
[EventDate "2024.11.23"]
[EventType "team-tourn"]
[EventCountry "ENG"]
[SourceTitle "playchess.com"]
[Source "ChessBase"]
[SourceQuality "1"]
[TimeControl "40/6000+30:3000+30"]

1. d4 d5 2. c4 e6 3. Nc3 Nf6 4. Bg5 Be7 5. e3 O-O 6. Rc1 h6 7. Bh4 c5 8. dxc5 dxc4 9. Bxc4 Qxd1+ 10. Rxd1 Nbd7 11. Nf3 Nxc5 12. O-O a6 13. Nd4 Re8 14. b4 Nce4 15. Nxe4 Nxe4 16. Bxe7 Rxe7 17. f3 Nf6 18. e4 e5 19. Nb3 Be6 20. Bxe6 Rxe6 21. Nc5 Rb6 22. a3 a5 23. Na4 Rb5 $1 24. Nc3 Rb6 25. b5 Rc8 26. Rd3 Kf8 27. Rfd1 Ke8 {[%emt 0:01:32] Prevents Rd8+.} 28. Kf2 Re6 29. Na4 Ke7 30. R1d2 g5 (30... Rc4 $11 31. Nb2 Rc1) 31. h3 h5 32. g4 h4 33. Ke3 Ke8 34. Rc3 Rxc3+ 35. Nxc3 $11 {[%emt 0:00:02][%mdl 4096] Endgame KRN-KRN} Re7 36. Nd5 Nxd5+ 37. exd5 {[%emt 0:00:22] KR-KR} Rc7 $1 38. Ke4 Kd7 39. Kxe5 Rc3 40. b6 (40. Rf2 $11) 40... Rxa3 ({Black should play} 40... Rxf3 $17 {White must now prevent ...f6+.} 41. Rc2 f6+ (41... Rxa3 $2 42. Rc7+ Kd8 43. Rxf7 $18) 42. Kd4 Kd6 (42... Rxh3 43. Rc7+ Kd6 44. Rxb7 $11)) 41. Rc2 {[%emt 0:50:34] Strongly threatening Rc7+.} Re3+ (41... Rxf3 $2 {is the wrong capture.} 42. Rc7+ Kd8 43. Rxb7 $18) 42. Kf5 Rxf3+ 43. Kxg5 Rxh3 44. Rc7+ Kd6 45. Rxb7 (45. Rxf7 Kxd5 46. Rf5+ (46. Rxb7 Kc6 $11) 46... Ke6) 45... Kxd5 46. Ra7 Rb3 47. Rxa5+ Ke6 48. Ra6 h3 49. b7+ Ke7 50. Ra7 Ke6 51. Ra6+ 1/2-1/2

[Event "4NCL Div 1 2024-25"]
[Site "England"]
[Date "2024.11.23"]
[Round "1.27"]
[White "Badacsonyi, Stanley"]
[Black "Williams, Simon K"]
[Result "0-1"]
[Annotator "TA"]
[ECO "A92"]
[WhiteElo "2298"]
[BlackElo "2442"]
[PlyCount "84"]
[EventDate "2024.11.23"]
[EventType "team-tourn"]
[EventCountry "ENG"]
[SourceTitle "playchess.com"]
[Source "ChessBase"]
[SourceQuality "1"]
[TimeControl "40/6000+30:3000+30"]

1. d4 e6 2. c4 f5 3. g3 Nf6 4. Bg2 d5 5. Nf3 Be7 6. O-O Ne4 7. Qc2 Nc6 8. b3 h5 (8... Nb4 $14 9. Qd1 Bf6) 9. Ba3 (9. h4 $16) 9... Bf6 10. Rd1 h4 11. Nc3 hxg3 12. hxg3 Qd7 13. e3 {[%emt 0:07:56] cxd5 would now be deadly.} Qf7 14. Ne2 (14. Rac1 $14) 14... g5 15. Bb2 Qh5 16. Kf1 Bd7 {[%emt 0:00:00] Black is more active.} 17. Ne5 {[%emt 0:04:43] White is now going downhill.} ({White has to play} 17. Bc3 $1 $15) 17... O-O-O {[%emt 0:00:00] Strongly threatening ...Bxe5.} 18. Nxd7 (18. Nd3 $17) 18... Rxd7 $19 19. f3 (19. cxd5 $142 Nb4 (19... Rxd5 20. Bxe4 Nb4 21. Qb1 $14) (19... exd5 $2 20. b4 $17) 20. Qc4 Nxd5 21. Qd3) 19... Nb4 20. Qb1 f4 21. gxf4 $2 (21. a3 Nc6 (21... Nxg3+ 22. Nxg3 fxg3 23. axb4 $18) 22. Qd3 Nxg3+ 23. Nxg3 fxg3 24. cxd5 exd5 25. Ke2) 21... gxf4 22. Nxf4 Ng3+ {[%emt 0:00:00] Excellent horsemanship.} 23. Ke1 Qh2 24. Kd2 Bg5 25. Kc3 {[%emt 0:01:46] [#]} c5 $1 {[%emt 0:00:00][%mdl 512] White must now prevent ...Bxf4.} 26. Rd2 {[%emt 0:05:12] [#]} (26. Ba3 Bxf4) 26... e5 $1 27. dxc5 (27. Ba3 exd4+) 27... a5 28. Nxd5 Nxd5+ $2 (28... Bxe3 29. Nb6+ Kc7 30. Rxd7+ Kb8) 29. cxd5 {[%emt 0:00:11] And now Qd3 would win.} Bxe3 30. Qd3 Bxd2+ (30... Bxc5 31. Kc2 Rc7 32. Rad1 (32. Bxe5 $2 Bd6+ 33. Bc3 Bb4 $19) 32... Bb4+ 33. Kb1 Bxd2 34. Qxd2 $16) 31. Qxd2 Rg8 32. Kc4 Nf5 33. Qxa5 {[%emt 0:01:16] aiming for Qa8+.} Rxg2 (33... Qxg2 34. Qa8+ (34. Bxe5 $2 Qe2+ 35. Kb4 Qxe5 $19) 34... Kc7 35. Bxe5+ $11) 34. Qa8+ $2 (34. Rh1 Rc2+ (34... Qxh1 35. Qa8+ Kc7 36. Bxe5+ $11) 35. Kb5 Rxc5+ (35... Qxh1 36. Qa8+ Kc7 37. Bxe5+ $11) (35... Qe2+ $2 36. Ka4 $18) 36. Kxc5 b6+ (36... Qxh1 37. Qa8+ Kc7 38. Qa5+ Kc8 39. Qa8+ Kc7 40. Qa5+ Kc8 $11) 37. Kxb6 Rb7+ (37... Qxh1 38. Qa8#) 38. Kc6 Qc2+ (38... Qxh1 $2 39. Qa8+ Rb8 40. Qa6+ Kd8 41. Qa5+ Ke8 42. Kc7 $18) (38... Ne7+ 39. Kc5 $15) 39. Bc3 Qxc3+ (39... Ne7+ 40. Kc5 $11) 40. Qxc3 Rc7+ 41. Kb6 Rxc3 42. b4) 34... Kc7 {[%emt 0:00:03] Hoping for ...Qf4+.} 35. d6+ {[%emt 0:00:09] [#]} Rxd6 $1 {[%emt 0:02:33][%cal Og2g4][%mdl 512] ( -> ...Rg4+!)} 36. Qa5+ Kd7 37. cxd6 Qf4+ {[%emt 0:00:53] Black mates.} (37... Rxb2 38. Qc7+ Ke6 39. Qc8+ Kf6 40. Qf8+ Kg6 41. Kb4 $17) 38. Kc5 Rc2+ ({Not} 38... Rxb2 39. Qc7+ Ke6 40. Qc8+ Kf7 41. Qd7+ Kf6 42. Qd8+ Kf7 43. Qd7+ Kf8 (43... Kf6 44. Qd8+ Ke6 45. Qg8+ Kf6 46. Qf8+ Ke6 47. Qg8+ Kf6 48. Qd8+ $11) 44. Qd8+ Kf7 45. Qd7+ $11) ({Stronger than} 38... Qe3+ 39. Kb4 Rxb2 40. Qc7+ Ke6 41. Qc8+ Kxd6 (41... Kf6 42. Qf8+ Ke6 43. Qe8+ Kd5 44. Qg8+ Kxd6 45. Rd1+ Ke7 46. Qd8+ Ke6 47. Qg8+ Ke7 48. Qd8+ Ke6 49. Rd7 $11) 42. Rd1+ Nd4 43. Qd8+ Ke6 44. Qe8+ Kf6 45. Qf8+ Ke6 46. Qe8+ Kf6 47. Qf8+ Ke6 48. Qe8+ $11) 39. Kb6 Rc6+ 40. Kxb7 Nxd6+ 41. Ka7 Qe3+ 42. Kb8 Rc8# {[%emt 0:00:37] Weighted Error Value: White=0.64/Black=0.15 (very precise) .  Mistake:       	White=7     	Black=1      Inaccurate:     	White=3     	Black=2      OK:         	White=5     	Black=7      Best:        	White=3     	Black=2      Brilliant:      	---       	Black=1} 0-1

[Event "4NCL Div 1 2024-25"]
[Site "England"]
[Date "2024.11.23"]
[Round "1.28"]
[White "Pert, Richard G"]
[Black "Pang, Ethan"]
[Result "1-0"]
[Annotator "TA"]
[ECO "A46"]
[WhiteElo "2399"]
[BlackElo "2303"]
[PlyCount "81"]
[EventDate "2024.11.23"]
[EventType "team-tourn"]
[EventCountry "ENG"]
[SourceTitle "playchess.com"]
[Source "ChessBase"]
[SourceQuality "1"]
[TimeControl "40/6000+30:3000+30"]

1. d4 Nf6 2. Nf3 e6 3. Bf4 c5 4. e3 Nc6 5. Nc3 Qa5 6. Nd2 {[%emt 0:13:56] Nc4 is in the air Repels Ne4} cxd4 7. Nc4 Qd8 8. exd4 Bb4 9. Nd6+ Ke7 10. Ndb5 Nd5 {[%emt 0:04:56] Inhibits Bc7.} 11. Bd2 Nf6 {[%emt 0:09:13] [#]} (11... Nxc3 $11 12. bxc3 Ba5) 12. d5 $1 $16 exd5 13. a3 Bxc3 14. Bxc3 (14. bxc3 d6 $11) 14... Re8 15. Be2 (15. Bxf6+ $16 Kxf6+ 16. Kd2) 15... a6 16. Bxf6+ Kxf6 17. Nc3 Ke7 18. Qxd5 (18. Nxd5+ Kf8 $14) 18... Kf8 19. O-O-O Re5 20. Qd3 Qg5+ 21. Kb1 Qg6 22. f4 Qxd3 23. Bxd3 (23. cxd3 $6 Rf5 $11) 23... Re8 24. Be4 g6 ({Better is} 24... Rb8) 25. Bf3 Rb8 26. Nd5 Rd8 27. Rhe1 {[%emt 0:01:22] Black is weak on the dark squares} Kg7 {[%emt 0:02:09] Wards off Nf6} (27... d6 $142 28. Re2 h6) 28. Nb6 $36 {[%emt 0:01:55][%mdl 2048] Keeping Black busy.} d6 29. Nc4 {[%emt 0:02:24] White is much more active.} Be6 (29... h5 $16 {might work better.} 30. Nxd6 (30. Rxd6 Be6 $16) 30... Bg4 31. Bxg4 hxg4) 30. Nxd6 $18 Na5 31. b4 Nc4 {[%emt 0:00:00] [#]} 32. Rxe6 $1 Nxa3+ 33. Kb2 fxe6 34. Kxa3 b6 35. c4 {[%emt 0:01:23] c5 is the strong threat.} Rf8 $2 (35... Kf6 36. c5 Ke7) 36. Rd4 Rfd8 37. c5 bxc5 38. bxc5 Kf6 39. c6 e5 (39... Ke7 $142) 40. fxe5+ Kxe5 41. Rd5+ 1-0

[Event "4NCL Div 1 2024-25"]
[Site "England"]
[Date "2024.11.23"]
[Round "1.29"]
[White "Yoon, Jacob D"]
[Black "Arkell, Keith C"]
[Result "1/2-1/2"]
[Annotator "TA"]
[ECO "B17"]
[WhiteElo "2270"]
[BlackElo "2359"]
[PlyCount "109"]
[EventDate "2024.11.23"]
[EventType "team-tourn"]
[EventCountry "ENG"]
[SourceTitle "playchess.com"]
[Source "ChessBase"]
[SourceQuality "1"]
[TimeControl "40/6000+30:3000+30"]

1. e4 c6 2. d4 d5 3. Nc3 dxe4 4. Nxe4 Nd7 5. Ng5 Ngf6 6. Bd3 Nb6 7. Qe2 Bg4 8. N1f3 Bxf3 9. Nxf3 g6 10. Bg5 Bg7 11. O-O-O h6 12. Bd2 e6 13. c3 Qe7 14. Ne5 O-O-O 15. Qf3 Nbd5 (15... Rhf8 $14) 16. a3 $16 Qe8 17. Bc2 Ne7 18. Rhe1 Rf8 19. g4 Nd7 20. Nd3 Nb6 21. Bb3 Kb8 22. Nc5 Ka8 23. Qg3 Nd7 24. Nd3 Rc8 25. Bf4 Qd8 26. Bd6 Re8 (26... h5 $142) 27. Qf4 (27. Qf3 $16 Rf8 28. a4) 27... Bf6 (27... Nf6 $14) 28. Kb1 $16 (28. Qxh6 $2 Nf5 29. gxf5 (29. Qf4 $2 Nxd4 30. cxd4 Bg5 $19) 29... Bg5+ 30. Bf4 Bxh6 31. Bxh6 gxf5 $19 (31... exf5 $2 32. Bxf7 Re4 33. Be6 $19)) 28... g5 29. Qf3 Ng6 30. Bg3 Rf8 31. Bc2 Be7 32. Nc1 Nh4 $1 33. Qe2 (33. Bxh4 {simplifies} gxh4 34. Nd3 Qb6 35. Ka2) 33... Qb6 {[%emt 0:00:39] [#]} (33... Ng2 $14) 34. Ka2 (34. f4 $1 $16) 34... Ng2 $14 35. Rg1 Nf4 36. Bxf4 gxf4 37. Nd3 Bd6 38. Qf3 Qc7 39. c4 c5 40. d5 exd5 41. Qxd5 Nb6 42. Qf5 $1 Nxc4 43. Rge1 Nb6 44. Re4 Rfe8 45. Rde1 Rxe4 46. Rxe4 c4 47. Nxf4 c3 48. b3 a6 (48... Rd8 $11) 49. Nd5 $1 $14 Nxd5 50. Qxd5 (50. Rc4 $14 Re8 51. Rxc7 (51. Qxd5 Qb6 $11) 51... Nxc7 52. Be4 (52. Qxf7 Re2 $16) 52... Bxh2 53. Qf3) 50... Rd8 51. Rc4 Qb6 52. Qf5 (52. Rxc3 $2 {too greedy.} Bb4 $19 (52... Bxh2 53. Qxf7 Rd2 54. Rc8+ Ka7 55. Qf8 $11)) 52... Bxh2 53. Rxc3 Rd2 54. Qxf7 Qxf2 55. Qxf2 1/2-1/2

[Event "4NCL Div 1 2024-25"]
[Site "England"]
[Date "2024.11.23"]
[Round "1.30"]
[White "Eggleston, David J"]
[Black "Mirzoeva, Elmira"]
[Result "1-0"]
[Annotator "TA"]
[ECO "B12"]
[WhiteElo "2339"]
[BlackElo "2258"]
[PlyCount "75"]
[EventDate "2024.11.23"]
[EventType "team-tourn"]
[EventCountry "ENG"]
[SourceTitle "playchess.com"]
[Source "ChessBase"]
[SourceQuality "1"]
[TimeControl "40/6000+30:3000+30"]

1. e4 c6 2. d4 d5 3. e5 Bf5 4. h4 h5 5. c4 e6 6. Nc3 Ne7 7. Nge2 Nd7 8. Ng3 Bg6 9. Bg5 Qb6 10. Rc1 f6 11. exf6 gxf6 12. Be3 $1 O-O-O 13. cxd5 Nxd5 14. Nxd5 exd5 15. Bd3 Bb4+ (15... Qb4+ $11 {keeps the balance.} 16. Ke2 Bxd3+ (16... Qxb2+ 17. Rc2 $16) 17. Qxd3 Qxb2+ 18. Rc2 Qa3) 16. Kf1 $16 Bxd3+ 17. Qxd3 Kb8 18. Rh3 Nf8 (18... Ka8 $16 {is a better defense.}) 19. Qf5 $1 $18 Be7 (19... Bd6 $142 20. Nxh5 (20. Qxf6 Nh7 $16) 20... Nh7) 20. Nxh5 Qxb2 21. Nxf6 Ka8 22. h5 Bxf6 23. Qxf6 Nd7 24. Qh4 ({White should try} 24. Qf5 $18) 24... Rde8 $16 25. Re1 Qxa2 26. h6 a5 {[%emt 0:03:38] [#]} (26... Qc2 $16 27. Qg4 Nf6) 27. Kg1 (27. g4 $1 $18) 27... Qc2 (27... Nb6 $16) 28. Rc1 Qb2 {[%emt 0:02:10][%cal Oe8e3] [#] and ...Rxe3! should not be overlooked} 29. Rf1 $1 a4 30. Qg3 (30. Qg4 $18 Nb6 31. Qd1) 30... Rh7 $2 (30... Nb6 $16) 31. Qg6 $18 Reh8 32. Rf3 {[%emt 0:00:00] Rf7 would now be deadly.} Qb4 (32... Ka7 $142 33. Rf7 Rxf7) 33. Rb1 Qe7 34. Qc2 Rf7 $2 (34... Nb8 $18 35. Qxa4+ Na6) 35. Qxa4+ Kb8 {[%emt 0:00:01] Black is weak on the dark squares} 36. Rxf7 Qxf7 37. Qxc6 b6 38. Ra1 1-0

[Event "4NCL Div 1 2024-25"]
[Site "England"]
[Date "2024.11.23"]
[Round "1.31"]
[White "Badacsonyi, Frankie"]
[Black "Pert, Nina"]
[Result "1-0"]
[Annotator "RC"]
[ECO "D35"]
[WhiteElo "2266"]
[BlackElo "1984"]
[PlyCount "67"]
[EventDate "2024.11.23"]
[EventType "team-tourn"]
[EventCountry "ENG"]
[SourceTitle "playchess.com"]
[Source "ChessBase"]
[SourceQuality "1"]
[TimeControl "40/6000+30:3000+30"]

1. d4 d5 2. c4 e6 3. Nc3 Nf6 4. Nf3 Be7 5. cxd5 exd5 6. Bf4 a6 7. e3 Nbd7 8. Bd3 Nf8 9. h3 Ng6 10. Bh2 Bd6 11. Ne5 O-O 12. O-O Re8 13. f4 c5 14. Kh1 b5 15. Qf3 Bb7 16. Rad1 Qe7 17. Ne2 c4 18. Bb1 Nh4 19. Qf2 Ne4 20. Bxe4 dxe4 21. f5 g5 22. Bg3 Qf6 23. Ng4 Qd8 24. Bxh4 gxh4 25. f6 Qc7 26. Qxh4 Red8 27. Qh6 Bf8 28. Qg5+ Kh8 29. Rf5 Bc8 30. Nh6 Bxh6 31. Qxh6 Rg8 32. Rh5 Bf5 33. Rxf5 Rg6 34. Qh4 1-0

[Event "4NCL Div 1 2024-25"]
[Site "England"]
[Date "2024.11.23"]
[Round "1.32"]
[White "Pert, Max"]
[Black "Villiers, Thomas"]
[Result "0-1"]
[Annotator "RC"]
[ECO "D02"]
[WhiteElo "2076"]
[BlackElo "2182"]
[PlyCount "136"]
[EventDate "2024.11.23"]
[EventType "team-tourn"]
[EventCountry "ENG"]
[SourceTitle "playchess.com"]
[Source "ChessBase"]
[SourceQuality "1"]
[TimeControl "40/6000+30:3000+30"]

1. d4 d5 2. Nf3 Nf6 3. Bf4 e6 4. e3 Be7 5. h3 c5 6. c3 Nc6 7. Nbd2 O-O 8. Bd3 Re8 9. Bh2 Bd6 10. Ne5 Qc7 11. f4 Ne7 12. g4 Bd7 13. g5 Bxe5 14. fxe5 Ne4 15. Nxe4 dxe4 16. Bxe4 Bc6 17. Qf3 Bxe4 18. Qxe4 Qb6 19. Qg2 Nf5 20. Qf2 Red8 21. O-O cxd4 22. exd4 Rac8 23. Qe2 Qc6 24. a4 a6 25. Ra3 Rd5 26. Bf4 Ra5 27. Rfa1 Nh4 28. Qg4 Nf5 29. Qg2 Rd5 30. Qe2 Rd7 31. Rb3 Ne7 32. a5 Rd5 33. Raa3 Qc7 34. Rb4 Nc6 35. Rc4 Rxa5 36. Rxa5 Qxa5 37. Kf2 Qa1 38. Qc2 Qh1 39. Qd3 Rd8 40. b4 Ne7 41. Qf3 Qb1 42. Rc7 Nd5 43. Rxb7 Qc2+ 44. Kg3 Nxc3 45. Be3 Rf8 46. Ra7 Nd5 47. Bf2 Qd2 48. h4 Nxb4 49. Ra8 g6 50. Rxf8+ Kxf8 51. Qf6 Nd5 52. Qh8+ Ke7 53. Qb8 Qc3+ 54. Kg4 Qc7 55. Qa8 Qb6 56. h5 Nc7 57. Qh8 Qb1 58. Bh4 Qd1+ 59. Kg3 Qd3+ 60. Kh2 Qxd4 61. Qf6+ Ke8 62. Bf2 Qd2 63. Qh8+ Kd7 64. Qf6 Kc6 65. Qf3+ Nd5 66. Qxf7 Qf4+ 67. Qxf4 Nxf4 68. hxg6 Nxg6 0-1

[Event "4NCL Div 1 2024-25"]
[Site "England"]
[Date "2024.11.23"]
[Round "1.33"]
[White "Gormally, Daniel W"]
[Black "Emms, John M"]
[Result "1/2-1/2"]
[Annotator "TA"]
[ECO "D53"]
[WhiteElo "2424"]
[BlackElo "2413"]
[PlyCount "63"]
[EventDate "2024.11.23"]
[EventType "team-tourn"]
[EventCountry "ENG"]
[SourceTitle "playchess.com"]
[Source "ChessBase"]
[SourceQuality "1"]
[TimeControl "40/6000+30:3000+30"]

1. d4 d5 2. c4 e6 3. Nf3 Nf6 4. Nc3 Be7 5. Bg5 h6 6. Bh4 dxc4 7. e3 c5 8. Bxc4 cxd4 9. exd4 {[%emt 0:03:52] White has an edge.} Nc6 10. O-O O-O 11. Re1 a6 12. Bb3 b5 13. Bxf6 (13. a3 $5) 13... Bxf6 {[%emt 0:00:13] The position is equal.} 14. d5 Bxc3 15. bxc3 exd5 16. Bxd5 Bb7 17. c4 Na5 18. Bxb7 Nxb7 19. Ne5 Qxd1 20. Raxd1 Rfd8 21. Nc6 Rxd1 22. Rxd1 bxc4 $11 {[%emt 0:00:56][%mdl 4096] Endgame. KRN-KRN} 23. Rd4 c3 24. Rc4 Kf8 {[%emt 0:02:07] [#] ...Rc8 is the strong threat.} 25. Rxc3 Rc8 {[%emt 0:00:36] White must now prevent ...Nd8.} 26. Rc4 Nd8 27. Ne5 Rxc4 28. Nxc4 Ke7 29. Kf1 Ke6 30. Ke2 Nc6 31. a3 Ne5 32. Ne3 {[%emt 0:02:59] An uneventful encounter.   Weighted Error Value: White=0.05 (flawless) /Black=0.03 (flawless) .  Inaccurate:     	White=2     	Black=1      OK:         	White=15    	Black=12} 1/2-1/2

[Event "4NCL Div 1 2024-25"]
[Site "England"]
[Date "2024.11.23"]
[Round "1.34"]
[White "Chow, Samuel"]
[Black "Ansell, Simon T"]
[Result "1-0"]
[Annotator "TA"]
[ECO "D15"]
[WhiteElo "2348"]
[BlackElo "2323"]
[PlyCount "57"]
[EventDate "2024.11.23"]
[EventType "team-tourn"]
[EventCountry "ENG"]
[SourceTitle "playchess.com"]
[Source "ChessBase"]
[SourceQuality "1"]
[TimeControl "40/6000+30:3000+30"]

1. d4 d5 2. c4 c6 3. Nc3 Nf6 4. e3 a6 5. Nf3 b5 6. b3 Bg4 7. a4 b4 8. Ne2 Bxf3 9. gxf3 {[%emt 0:00:08] White has an edge.} e6 10. Bg2 Be7 11. e4 O-O 12. O-O a5 13. e5 Ne8 14. Be3 Nd7 15. Rc1 g6 16. cxd5 cxd5 17. Rc6 Ng7 18. Qd3 Nb8 19. Rc2 Qd7 20. Rfc1 $1 {[%emt 0:00:40] White is more active.} Ra7 {[%emt 0:00:07] Against Rc7} 21. Bf1 Nf5 22. Ng3 {[%emt 0:03:26] Strongly threatening Nxf5.} f6 $2 {[%emt 0:00:11] [#] Loses the game.} (22... Nxe3 $14 23. Qxe3 Bd8) 23. Nxf5 $18 gxf5 24. Bh6 Rd8 25. f4 (25. Qe3 $142 {Hoping for Bb5.} Qe8 26. Kh1) 25... Kh8 (25... Bf8 $142) 26. Qg3 Bf8 {[%emt 0:03:33] Wards off Qg7+} ({Don't blunder} 26... Rg8 $2 27. Qxg8+ Kxg8 28. Bb5 $18 (28. Rc8+ Kf7 $11)) 27. Bb5 Qe7 {[%emt 0:00:19] [#]} (27... Qb7) 28. exf6 {[%emt 0:04:12] Black is weak on the light squares} Qxf6 29. Bg5 {[%emt 0:00:48] Weighted Error Value: White=0.20 (precise) /Black=0.34.  Loses game:     	---       	Black=1      Mistake:       	White=1     	Black=2      Inaccurate:     	White=1     	Black=4      OK:         	White=8     	Black=6      Best:        	White=1     	---        Strong:       	White=1     	---} 1-0

[Event "4NCL Div 1 2024-25"]
[Site "England"]
[Date "2024.11.23"]
[Round "1.35"]
[White "Ledger, Andrew J"]
[Black "Camacho Collados, Jose"]
[Result "1-0"]
[Annotator "TA"]
[ECO "E12"]
[WhiteElo "2328"]
[BlackElo "2348"]
[PlyCount "109"]
[EventDate "2024.11.23"]
[EventType "team-tourn"]
[EventCountry "ENG"]
[SourceTitle "playchess.com"]
[Source "ChessBase"]
[SourceQuality "1"]
[TimeControl "40/6000+30:3000+30"]

1. d4 e6 2. c4 b6 3. a3 Bb7 4. Nc3 Nf6 5. Nf3 Ne4 6. Nxe4 Bxe4 7. Bf4 Be7 {[%emt 0:03:11] E12: Queen's Indian: Unusual White 4th moves, 4 a3, 4 Nc3 Bb7 5 a3 and 4 Nc3 Bb7 .} 8. Nd2 Bb7 9. e4 Bg5 10. Qg4 Bxf4 11. Qxf4 d6 $146 ({Predecessor:} 11... O-O 12. Bd3 d6 13. O-O e5 14. Qe3 exd4 15. Qxd4 c5 16. Qc3 Nc6 17. f4 Nd4 {½-½ Lupulescu,C (2619)-Nihal,S (2556) Abu Dhabi op 25th 2018 (7)}) 12. Be2 Qf6 13. Qxf6 gxf6 14. d5 a5 15. b3 Nd7 16. O-O Rg8 17. g3 O-O-O (17... f5 $11 {remains equal.}) 18. Bh5 $16 exd5 19. exd5 Rdf8 20. f4 b5 21. Rad1 f5 22. Be2 bxc4 23. bxc4 Nc5 24. Nf3 Re8 25. Nd4 $1 Re3 26. Rf3 $1 Rge8 27. Kf2 Rc3 (27... R3e4 $142) 28. Rxc3 $16 Ne4+ {[%emt 0:00:02] [#]} 29. Kf3 $1 Nxc3 {[%emt 0:00:10] [#]} 30. Rd2 $1 Ne4 31. Rc2 Nc5 32. Nxf5 Kd7 33. Bf1 (33. Rc3 $18) 33... c6 (33... Re1 $14 34. Bh3 Ra1) 34. Ne3 Kc7 35. g4 f6 (35... Ba8 $142) 36. h4 h6 37. Rg2 cxd5 (37... Rh8 $16 {was called for.} 38. Be2 Re8) 38. cxd5 $18 Rf8 39. Bb5 Rf7 (39... Rb8 $142 40. h5 Rh8) 40. Rd2 $18 Bc8 41. Bd3 Re7 (41... Rf8 $142 42. Bf5 Bb7) 42. Bf5 $18 Bb7 (42... Ba6 {was necessary.} 43. g5 hxg5) 43. g5 $18 fxg5 44. hxg5 (44. fxg5 hxg5 45. hxg5 Bc8 $18) 44... hxg5 45. fxg5 Nd7 46. Bxd7 Kxd7 47. Rg2 Ke8 (47... Re8 $142 48. Rg3 Ke7) 48. g6 $18 Kf8 49. Kf4 Bc8 50. Rc2 Bd7 51. Rc7 Ke8 52. Ra7 Rg7 53. Ra8+ (53. Rxa5 Rxg6 54. Ke4 Kd8 $14) 53... Ke7 54. Nf5+ ({Not} 54. Rxa5 Rxg6 55. Ke4 Rg1 $14) 54... Bxf5 55. Kxf5 1-0

[Event "4NCL Div 1 2024-25"]
[Site "England"]
[Date "2024.11.23"]
[Round "1.36"]
[White "Navrotescu, Andreea"]
[Black "Bates, Richard A"]
[Result "1-0"]
[Annotator "TA"]
[ECO "A17"]
[WhiteElo "2338"]
[BlackElo "2315"]
[PlyCount "111"]
[EventDate "2024.11.23"]
[EventType "team-tourn"]
[EventCountry "ENG"]
[SourceTitle "playchess.com"]
[Source "ChessBase"]
[SourceQuality "1"]
[TimeControl "40/6000+30:3000+30"]

1. c4 e6 2. Nc3 Bb4 3. g3 Nf6 4. Bg2 O-O 5. a3 Bxc3 6. bxc3 d5 7. cxd5 exd5 8. Nf3 Nc6 9. O-O Re8 10. d3 h6 11. h3 b6 12. Bb2 Bb7 13. Qc2 Na5 14. Rad1 Qe7 15. Rfe1 c5 16. Nh4 Qe6 17. g4 Rad8 18. d4 Nc4 19. Bc1 Ne4 20. Nf5 h5 21. f3 Ned6 22. Nxd6 Qxd6 23. e3 hxg4 24. hxg4 Re6 25. e4 dxe4 26. d5 Rg6 (26... Bxd5 27. fxe4 Qe7 (27... Qg3 $2 28. Qf2 $18) 28. Qd3 $17) (26... Re7 $15 27. Rxe4 Rxe4 (27... Bxd5 28. Rxc4 Rde8 29. Rf4 $16) 28. fxe4 Qg3) 27. Rxe4 $11 b5 $1 (27... Bxd5 28. Rxc4 Bxc4 29. Rxd6 Rgxd6 30. Bg5 Rd1+ 31. Kf2 $18) 28. Qe2 Bxd5 29. Re8+ Rxe8 30. Qxe8+ Kh7 31. Kf2 Bc6 $2 {[%emt 0:07:11] [#]} (31... Ne5 $1 $11 {and Black is okay.} 32. Rh1+ (32. Qxb5 $2 Nxg4+ 33. fxg4 Qf6+ 34. Kg3 Bxg2 $19) 32... Rh6 33. Bxh6 gxh6) 32. Rh1+ $1 $18 Rh6 33. Bxh6 $1 (33. Qxf7 Rxh1 34. Qf5+ Kg8 35. Qc8+ Kf7 36. Qf5+ Kg8 37. Qc8+ Kf7 38. Qf5+ Kg8 $11) 33... Bxe8 34. Bf4+ Kg8 35. Bxd6 Nxd6 36. Rd1 Nc4 37. f4 Kf8 38. Rd8 Ke7 39. Ra8 a5 40. Be4 $2 (40. Bf1 $18 Nd2 41. Bd3 (41. Rxa5 Ne4+ 42. Kg1 Nxc3 $16)) 40... a4 $1 $14 41. Bd3 Nxa3 42. Rc8 (42. Ke3 $14) 42... c4 $2 (42... b4 $11) 43. Be4 $18 Bd7 44. Rg8 ({Better is} 44. Rc7 $18 {Black must now prevent Bf5.} g6 (44... Kd6 $2 45. Ra7 $18) 45. Ra7) 44... g6 (44... Bxg4 $16 45. Rxg7 Be6) 45. g5 $18 b4 46. cxb4 Nb5 47. Ra8 a3 $2 (47... Nc3 $16 {was called for.} 48. Bc2 Kd6 49. Ra6+ Kc7 50. Ra7+ Kd6) 48. Ke3 $18 Kd6 49. Ra6+ Kc7 {[%emt 0:00:28] [#]} 50. Bd5 $1 c3 51. Bxf7 Kb7 (51... Bf5 $142 52. Bxg6 Bxg6 53. Rxg6 Kb7 54. Rg7+ Kb6) 52. Ra5 $18 Nd6 53. Bd5+ (53. Bxg6 Nc4+ 54. Kd3 Nxa5 55. Kxc3 (55. bxa5 $2 {loses.} a2 $19) 55... Nc4 $11 (55... a2 56. Kb2 $16)) 53... Kb6 54. Rxa3 Nb5 55. Ra1 Bf5 56. Be4 1-0

[Event "4NCL Div 1 2024-25"]
[Site "England"]
[Date "2024.11.23"]
[Round "1.37"]
[White "Webb, Laurence E"]
[Black "Turner, Max N"]
[Result "1/2-1/2"]
[Annotator "RC"]
[ECO "E12"]
[WhiteElo "2217"]
[BlackElo "2247"]
[PlyCount "100"]
[EventDate "2024.11.23"]
[EventType "team-tourn"]
[EventCountry "ENG"]
[SourceTitle "playchess.com"]
[Source "ChessBase"]
[SourceQuality "1"]
[TimeControl "40/6000+30:3000+30"]

1. d4 Nf6 2. Nf3 e6 3. c4 b6 4. a3 Bb7 5. Nc3 Ne4 6. Nxe4 Bxe4 7. e3 Be7 8. Bd3 Bxd3 9. Qxd3 d5 10. O-O O-O 11. e4 c6 12. Bf4 Nd7 13. cxd5 cxd5 14. exd5 exd5 15. Rac1 Nf6 16. Bc7 Qe8 17. Rc2 Qa4 18. Rfc1 Rfc8 19. Bf4 Rxc2 20. Qxc2 Qxc2 21. Rxc2 Ne8 22. Ne5 f6 23. Nc6 Bf8 24. f3 Kf7 25. Kf2 a5 26. Bg3 Nd6 27. Bxd6 Bxd6 28. b4 Ke6 29. Rc3 axb4 30. Nxb4 Bxb4 31. axb4 Kd7 32. Rc2 Ra3 33. b5 Ra5 34. Rb2 h6 35. g4 g5 36. h3 Kd6 37. f4 Ra4 38. Rc2 Rc4 39. Rd2 Rb4 40. f5 Ke7 41. Rc2 Rxb5 42. Rc7+ Ke8 43. Rc6 Rb2+ 44. Ke1 Rb3 45. Rxf6 Rxh3 46. Rxb6 Rd3 47. Kf2 Rxd4 48. Kg3 Rd3+ 49. Kf2 Rd4 50. Kg3 Rd3+ 1/2-1/2